 Dungeon Crawl Stone Soup version 0.29.1-1-gd02db6906a (webtiles) character file.

Game seed: 8844697586965109682

7 croobank the Caller (level 1, -1/7 HPs)
             Began as a Felid Summoner on Sept 25, 2022.
             Slain by a jackal (3 damage)
             ... on level 1 of the Dungeon.
             The game lasted 00:01:19 (349 turns).

croobank the Caller (Felid Summoner)                 Turns: 349, Time: 00:01:19

Health: -1/7       AC:  1    Str:  4    XL:     1   Next: 91%
Magic:  0/4        EV: 17    Int: 16    God:
Gold:   0          SH:  0    Dex: 16    Spells: 3/4 levels left
                                        Lives:  0   Deaths: 0

rFire   . . .      SeeInvis +   (weapon unavailable)
rCold   . . .      Faith    .   (shield unavailable)
rNeg    . . .      Spirit   .   (body armour unavailable)
rPois   .          Reflect  .   (helmet unavailable)
rElec   .          Harm     .   (cloak unavailable)
rCorr   .          Rampage  .   (gloves unavailable)
Will    .....                   (boots unavailable)
Stlth   ++........              (no amulet)
HPRegen 0.02/turn               (no ring)
MPRegen 0.09/turn               (no ring)

@: quick
A: very small, claws 1, fangs 3, see invisible, speed 1, shaggy fur 1, stealthy
paws, no weapons or thrown items, no armour, multi-lived
a: no special abilities


You were on level 1 of the Dungeon.
You visited 1 branch of the dungeon, and saw 1 of its levels.

Inventory:

Jewellery
 b - a ring of positive energy
Scrolls
 c - a scroll of immolation {unknown}
Potions
 a - 2 potions of magic
 d - a potion of curing {unknown}


   Skills:
 + Level 3.0 Dodging
 + Level 3.0 Stealth
 + Level 2.1 Spellcasting
 + Level 4.1 Summonings


You had 3 spell levels left.
You knew the following spells:

 Your Spells              Type           Power      Damage    Failure   Level
a - Summon Small Mammal   Summ           56%        N/A       3%          1

Your spell library contained the following spells:

 Spells                   Type           Power      Damage    Failure   Level
 Call Imp                 Summ           14%        N/A       6%          2
 Call Canine Familiar     Summ           14%        N/A       12%         3
 Summon Guardian Golem    Hex/Summ       8%         N/A       26%         3
 Summon Lightning Spire   Summ/Air       8%         N/A       65%         4


Dungeon Overview and Level Annotations

Branches:
Dungeon (1/15)

Altars:


Innate Abilities, Weirdness & Mutations

You have sharp claws.
You have razor-sharp teeth.
You have supernaturally acute eyesight. (SInv)
You cover ground quickly. (Speed+)
You are covered in fur. (AC +1)
Your paws help you pounce on unaware monsters.
You are incapable of wielding weapons or throwing items.
You cannot wear armour.
You gain extra lives every three experience levels.


Message History

The dart slug is moderately wounded.
Your bat hits the dart slug but does no damage.
The quokka closely misses your bat.
Your bat hits the dart slug. The dart slug barely misses you.
The quokka barely misses your bat.
There are monsters nearby!
There are monsters nearby!
There are monsters nearby!
You completely miss the dart slug.
You bite the dart slug, but do no damage.
The dart slug is moderately wounded.
Your bat hits the dart slug. x2; The dart slug completely misses you.
You scratch the dart slug.
You bite the dart slug, but do no damage.
The dart slug is severely wounded.
Your bat hits the dart slug but does no damage.
The quokka barely misses you.
You scratch the dart slug.
You bite the dart slug, but do no damage.
The dart slug is almost dead.
The jackal barely misses your bat. The quokka barely misses you.
The dart slug launches a dart at you. The slug dart hits you.
* * * LOW HITPOINT WARNING * * *
Your bat hits the dart slug but does no damage.
The jackal misses your bat.
Your bat hits the dart slug but does no damage.
The dart slug launches a dart at you. The slug dart misses you.
Your bat hits the dart slug but does no damage.
Your bat completely misses the jackal.
Your bat hits the jackal.
Your bat closely misses the quokka.
The jackal completely misses you. The dart slug misses your bat.
Casting: Summon Small Mammal (safe; 3% risk of failure)
Confirm with . or Enter, or press ? or * to list all spells.
Your bat hits the dart slug but does no damage.
Your bat hits the jackal. The quokka misses you.
The jackal bites you but does no damage.
The jackal bites you.
You die...

########## . #........#
#. #........#
#.###........#
g.#............#
#......!.......#
..$...r.......#
#.......r.....#
#......@hb....#
#.......hhw†..#
#.....####h#### #.....#
#.### ... #.$..h# #h..#
.. #.....# #.###### .#
#.....####.#....####.###
#....hh....#............
###...h.h###...>........


You could see a dart slug (distracted, ally target), a quokka (ally target), 4
jackals, a friendly bat (summoned) and a friendly rat (summoned).

Vanquished Creatures
  A bat (D:1)
1 creature vanquished.

Vanquished Creatures (collateral kills)
  A bat (D:1)
  An endoplasm (D:1)
  A hobgoblin (D:1)
  A quokka (D:1)
  A rat (D:1)
5 creatures vanquished.

Grand Total: 6 creatures vanquished

Notes
Turn   | Place    | Note
-------+----------+-------------------------------------------
     0 | D:1      | croobank the Felid Summoner began the quest for the Orb.
     0 | D:1      | Reached XP level 1. HP: 7/7 MP: 4/4
   349 | D:1      | Slain by a jackal

Illustrated notes

Levels and vault maps discovered:
D:1:      tarquinn_simple_flora_water_a, layout_basic

Skill      XL: |  1 |
---------------+----+-----
Dodging        | 3 |  3.0
Stealth        | 3 |  3.0
Spellcasting   | |  2.1
Summonings     | |  4.1

Action                   || total
-------------------------++-------
Melee: Unarmed           ||    12
       Bite              ||     4
 Cast: Summon Small Mamm ||    13
Armor: Skin              ||     1
Dodge: Dodged            ||    20
